AoeStats
← zisuku

Arena

514606720Analyzed
1v1 RM · 10d ago on Oct 18, 2026· 35m 36s· 2 players
Game mode
Random Map
Map size
Tiny (2 player)
Population
200
Speed
Normal
Resources
Standard
Victory
Conquest
Starting age
Dark Age
Ending age
Imperial Age
RankedLock teamsTeams togetherTeam positionsShared explorationLock speedFull tech treeHidden civsTurbo modeCheats
Victory
Defeat
🇮🇳 Turks · India
1154
+16
vs
🇷🇴 Sicilians · Romania
1159
-16
lodhaaashish
10:36 Feudal Age
10:28 Loom
11:44 Double-Bit Axe
12:43 Horse Collar
14:10 Fletching
23:03 Castle Age
23:59 Bodkin Arrow
28:37 Imperial Age
28:16 Padded Archer Armor
zisuku
6:16 Loom
10:55 Feudal Age
14:16 Scale Mail Armor
14:08 Fletching
18:07 Double-Bit Axe
19:18 Horse Collar
20:05 Forging
23:34 Castle Age
25:14 Chain Mail Armor
29:15 Wheelbarrow
Connection lost

Rejoining the realm…

Still unreachable

The connection could not be restored.

Session expired

The server has moved on; the page needs a fresh start.